 Dungeon Crawl Stone Soup version 0.24-a0-355-gbe4061de67 (webtiles) character file.

Game seed: 1116704156504066221

135 nikopol the Firebug (level 4, 0/24 HPs)
             Began as a Deep Elf Fire Elementalist on May 24, 2019.
             Succumbed to an adder's poison
             ... on level 2 of the Dungeon.
             The game lasted 00:03:04 (1643 turns).

nikopol the Firebug (Deep Elf Fire Elementalist)    Turns: 1643, Time: 00:03:06

Health: 0/24       AC:  2    Str: 10    XL:     4   Next: 97%
Magic:  12/12      EV: 13    Int: 26    God:
Gold:   43         SH:  0    Dex: 15    Spells: 5/11 levels left

rFire    . . .     SeeInvis .   q - +0 short sword
rCold    . . .     Gourm    .   (no shield)
rNeg     . . .     Faith    .   a - +0 robe
rPois    .         Spirit   .   (no helmet)
rElec    .         Reflect  .   (no cloak)
rCorr    .         Harm     .   (no gloves)
MR       +....                  (no boots)
Stlth    ++........             (no amulet)
HPRegen  0.08/turn              t - ring of protection from magic
MPRegen  0.13/turn              (no ring)

@: mighty, brilliant, lethally poisoned (0 -> -8)
A: no striking features
a: no special abilities


You were on level 2 of the Dungeon.
You were hungry.

You visited 1 branch of the dungeon, and saw 3 of its levels.

You collected 43 gold pieces.

Inventory:

Hand Weapons
 q - a +0 short sword (weapon)
Armour
 a - a +0 robe (worn)
Jewellery
 t - a ring of protection from magic (left hand)
Wands
 u - a wand of flame (17)
Scrolls
 e - 3 scrolls of identify {unknown}
 g - a scroll of amnesia {unknown}
 i - a scroll of remove curse {unknown}
 k - a scroll of enchant armour {unknown}
 l - a scroll of magic mapping {unknown}
 o - a scroll of teleportation {unknown}
 p - a scroll of random uselessness {unknown}
 r - a scroll of fear {unknown}
 s - a scroll of immolation {unknown}
Potions
 d - a potion of brilliance
 f - a potion of heal wounds {unknown}
 h - a potion of flight {unknown}
 m - a potion of curing {unknown}
 n - a potion of degeneration {unknown}
Comestibles
 c - 11 rations


   Skills:
 + Level 3.0 Dodging
 + Level 3.1 Stealth
 + Level 4.3 Spellcasting
 + Level 2.1 Conjurations
 + Level 4.7 Fire Magic


You had 5 spell levels left.
You knew the following spells:

 Your Spells              Type           Power        Failure   Level  Hunger
a - Flame Tongue          Conj/Fire      #####        1%          1    None
b - Throw Flame           Conj/Fire      #####.       1%          2    None
c - Conjure Flame         Conj/Fire      #####...     1%          3    ##.....

Your spell library contained the following spells:

 Spells                   Type           Power        Failure   Level  Hunger
 Inner Flame              Hex/Fire       ####....     1%          3    ##.....
 Sticky Flame             Conj/Fire      #####...     2%          4    ####...
 Fireball                 Conj/Fire      #####.....   7%          5    #####..


Dungeon Overview and Level Annotations

Branches:
Dungeon (3/15)

Altars:
Hepliaklqana
Nemelex Xobeh


Message History

The adder bites you.
* * * LOW HITPOINT WARNING * * *
You are lethally poisoned!
The adder poisons you! The bat barely misses you. The adder bites you.
* * * LOW HITPOINT WARNING * * *
Magic restored.
The bat hits you.
* * * LOW HITPOINT WARNING * * *
The gnoll closely misses you. The bat closely misses you.
The adder closely misses you.
You climb upwards.
* * * LOW HITPOINT WARNING * * *
You feel sick.
There is a stone staircase leading down here.
It was a potion of brilliance.
You feel clever all of a sudden.
* * * LOW HITPOINT WARNING * * *
You feel sick. The adder barely misses you.
It was a potion of might.
You feel very mighty all of a sudden.
You die...

#.#...###.#..######.#
#.....# #.##........#
#####.###.#..########
#........# ####
######.### ...# ##.#
##.# #..# ##.#
############..# ##.#
#..........@S.# ##.#
#.#.########.##
##.###.#.########.#
.......#.##.......#
##.#####.##.#####.#
#.# #.##.# #.# ##.#
#.##.#####.# ...#
#..........# #..#
####.#######


You could see an adder.

Vanquished Creatures
  A bullfrog (D:2)
  4 adders (D:2)
  An ooze (D:1)
  A worm (D:2)
  2 leopard geckos
  A ball python (D:1)
  4 giant cockroaches (D:2)
  4 goblins
  3 hobgoblins
  A quokka (D:2)
  2 bats (D:2)
  4 kobolds
  5 rats
33 creatures vanquished.

Notes
Turn   | Place    | Note
-------+----------+-------------------------------------------
     0 | D:1      | nikopol the Deep Elf Fire Elementalist began the quest for
                  | the Orb.
     0 | D:1      | Reached XP level 1. HP: 10/10 MP: 6/6
   134 | D:1      | Reached XP level 2. HP: 15/15 MP: 1/8
   704 | D:2      | Found a sparkling altar of Nemelex Xobeh.
   708 | D:2      | Reached XP level 3. HP: 19/19 MP: 4/9
   716 | D:2      | Learned a level 2 spell: Throw Flame
   720 | D:2      | Learned a level 3 spell: Conjure Flame
   972 | D:2      | Reached XP level 4. HP: 22/24 MP: 4/11
  1084 | D:2      | Noticed a bullfrog
  1093 | D:2      | Killed a bullfrog
  1516 | D:2      | Found a hazy altar of Hepliaklqana.
  1641 | D:2      | HP: 1/24 [poisoned by an adder]
  1643 | D:2      | Succumbed to an adder's poison

Levels and vault maps discovered:
D:1:      lemuel_arrival_funnel, layout_basic, chequers_avenue
D:2:      layout_loops_ring, lemuel_round_altar, lemuel_coloured_pillars_altar
D:3:      layout_loops_ring, lemuel_doored_altar

Skill      XL: |  1  2  3  4 |
---------------+-------------+-----
Fire Magic     | 4 |  4.7
Dodging        | 3 |  3.0
Stealth        | 3 |  3.1
Spellcasting   | 4 |  4.3
Conjurations   | 2 |  2.1

Action                   |  1- 3 |  4- 6 || total
-------------------------+-------+-------++-------
 Cast: Flame Tongue      |    54 |    11 ||    65
  Use: Potion            |       |     2 ||     2
  Eat: Chunk             |       |     1 ||     1
Armor: Robe              |     4 |     3 ||     7
Dodge: Dodged            |     6 |    15 ||    21

Table legend:
 A = Non-vault XP
 B = Vault XP
 C = Vault XP percentage of total XP
 D = Non-vault monster count
 E = Vault monster count
 F = Vault count percentage of total count
                 A         B        C        D         E       F
            +---------+---------+-------+---------+---------+-------
      Total |     194 |       0 |   0.0 |      33 |       0 |   0.0
            +---------+---------+-------+---------+---------+-------
        D:1 |      26 |       0 |   0.0 |      13 |       0 |   0.0
        D:2 |     168 |       0 |   0.0 |      20 |       0 |   0.0
            +---------+---------+-------+---------+---------+-------
